Pittsburgh Penguins vs Nashville Predators
Created - Saturday, February 3, 2024 at 09:06
Goals
|
| Pittsburgh Penguins |
0 |
2 |
0 |
0 |
1 |
3 |
| Nashville Predators |
1 |
1 |
0 |
0 |
0 |
2 |
|
Shots
|
| Pittsburgh Penguins |
9 |
13 |
8 |
2 |
6 |
32 |
| Nashville Predators |
11 |
11 |
10 |
0 |
6 |
32 |
|
1st period
1. Nashville Predators , Kevin Labanc 1 (Sam Gagner 1, Morgan Frost 1) at 6:24
Penalties :
No Penalty
2nd period
2. Nashville Predators , Alex Newhook 2 (Corey Perry 1) at 4:12
3. Pittsburgh Penguins , Anders Lee 1 (Sam Reinhart 2, Mattias Ekholm 1) at 7:26 (PP)
4. Pittsburgh Penguins , Jean-Gabriel Pageau 1 (Sam Reinhart 3, Brian Dumoulin 1) at 15:35
Penalties :
Patrick Maroon (NSH) for Hooking (Minor) at 6:48, Jordan Eberle (PIT) for High sticking (Minor) at 7:51, Corey Perry (NSH) for Hooking (Minor) at 16:44
3rd period
No Goal
Penalties :
Erik Karlsson (PIT) for Hooking (Minor) at 14:06, Ethan Bear (NSH) for Fighting (Major) at 19:21, Phillip Danault (PIT) for Fighting (Major) at 19:21
Overtime #1
No Goal
Penalties :
No Penalty
Shootout
Pittsburgh Penguins, Leon Draisaitl - Shot Hit the Post
Nashville Predators, Jacob Peterson - Stopped by Marc-Andre Fleury
Pittsburgh Penguins, Mitchell Marner - Stopped by Adin Hill
Nashville Predators, Jakub Voracek - Stopped by Marc-Andre Fleury
Pittsburgh Penguins, Sam Reinhart - Stopped by Adin Hill
Nashville Predators, Kevin Labanc - Stopped by Marc-Andre Fleury
Pittsburgh Penguins, Pavel Buchnevich - Shot Misses the Net
Nashville Predators, Morgan Frost - Stopped by Marc-Andre Fleury
Pittsburgh Penguins, Jean-Gabriel Pageau - Stopped by Adin Hill
Nashville Predators, Thomas Novak - Stopped by Marc-Andre Fleury
Pittsburgh Penguins, Erik Gudbranson - Goal!
Nashville Predators, Corey Perry - Stopped by Marc-Andre Fleury
Penalties :
No Penalty
Goalie Stats
Marc-Andre Fleury (PIT), 30 saves from 32 shots - (0.938), W, 1-1-0, 65:00 minutes
Adin Hill (NSH), 30 saves from 32 shots - (0.938), OTL, 0-1-1, 65:00 minutes
Players Stats for Pittsburgh Penguins
Player Name G A P +/- PIM S H SB GA TA FO MP PP MP PK MP
------------------------------------------------------------------------------------
Anders Lee 1 0 1 0 0 4 2 0 1 1 0/3 19:20 1:20 0:00
Brian Dumoulin 0 1 1 -1 0 0 1 1 0 3 0/0 23:26 1:03 2:14
Colton Sissons 0 0 0 -1 0 0 0 0 0 1 4/5 8:17 0:00 0:00
Erik Gudbranson 0 0 0 0 0 0 2 1 0 0 0/0 16:23 0:00 0:17
Erik Karlsson 0 0 0 0 2 1 0 2 1 1 0/0 24:35 1:34 1:05
Gabriel Vilardi 0 0 0 -1 0 0 0 0 1 0 0/0 9:30 0:00 0:00
J.J. Moser 0 0 0 0 0 0 2 0 0 1 0/0 16:38 0:00 0:39
Jean-Gabriel Pageau 1 0 1 0 0 4 2 0 0 0 7/16 19:20 1:20 0:00
Jordan Eberle 0 0 0 0 2 4 0 0 0 0 1/1 13:06 0:00 0:13
Leon Draisaitl 0 0 0 0 0 3 0 0 0 0 10/18 20:05 1:17 2:20
Mattias Ekholm 0 1 1 0 0 0 3 0 0 3 0/0 25:24 1:34 1:27
Mitchell Marner 0 0 0 0 0 1 7 0 2 0 1/2 20:05 1:17 2:20
Pavel Buchnevich 0 0 0 0 0 1 1 0 1 1 0/2 19:21 1:17 1:38
Phillip Danault 0 0 0 0 5 4 0 1 0 0 10/15 13:24 0:00 0:27
Ryan Johansen 0 0 0 0 0 4 0 0 1 1 1/1 12:51 0:00 0:00
Ryan Suter 0 0 0 -1 0 1 1 1 0 0 0/0 23:47 1:03 2:14
Sam Reinhart 0 2 2 0 0 2 1 1 3 2 1/1 21:04 1:20 0:58
Tom Wilson 0 0 0 -1 0 3 0 0 2 0 2/2 9:49 0:00 0:00
Players Stats for Nashville Predators
Player Name G A P +/- PIM S H SB GA TA FO MP PP MP PK MP
------------------------------------------------------------------------------------
Alex Newhook 1 0 1 1 0 1 0 0 2 0 0/0 14:25 0:50 1:17
Alexander Alexeyev 0 0 0 0 0 0 2 2 1 0 0/0 10:18 1:06 0:00
Corey Perry 0 1 1 1 2 2 2 2 1 0 0/0 10:49 0:00 0:00
Ethan Bear 0 0 0 1 5 0 2 2 0 4 0/0 23:16 2:43 1:28
Henri Jokiharju 0 0 0 1 0 1 3 2 1 1 0/0 26:50 1:59 1:28
Jacob Peterson 0 0 0 0 0 3 0 0 1 0 1/3 19:22 2:04 1:17
Jakub Voracek 0 0 0 0 0 2 2 0 0 0 0/0 16:44 2:04 0:00
Justin Braun 0 0 0 0 0 2 0 1 1 1 0/0 24:31 0:14 1:09
Kevin Labanc 1 0 1 0 0 3 1 0 0 1 0/1 17:44 0:00 0:00
Markus Niemelainen 0 0 0 0 0 1 2 0 0 2 0/0 16:57 0:53 0:00
Morgan Frost 0 1 1 0 0 8 3 0 1 0 12/22 20:01 1:54 0:03
Nate Schmidt 0 0 0 0 0 0 1 3 0 1 0/0 26:22 1:01 1:09
Patrick Maroon 0 0 0 0 2 2 2 0 1 0 0/1 15:31 1:04 0:03
Rasmus Kupari 0 0 0 0 0 0 0 0 1 0 2/13 13:04 0:00 1:17
Ryan Carpenter 0 0 0 1 0 2 0 0 0 1 3/5 11:54 0:00 1:17
Sam Gagner 0 1 1 0 0 4 2 1 2 1 0/0 19:09 1:54 0:00
Thomas Novak 0 0 0 0 0 0 1 0 1 0 10/19 18:19 2:04 0:00
Zemgus Girgensons 0 0 0 0 0 1 2 0 1 0 1/2 12:20 0:00 0:00
3 Stars
1 - Jean-Gabriel Pageau (PIT)
2 - Anders Lee (PIT)
3 - Marc-Andre Fleury (PIT)
Power Play
Pittsburgh Penguins - 1 on 2 Attempt(s) - 50.00%
Nashville Predators - 0 on 2 Attempt(s) - 0.00%
Penalty Kill
Pittsburgh Penguins - 2 on 2 Attempt(s) - 100.00%
- Score 0 goal in Penalty Kill
Nashville Predators - 1 on 2 Attempt(s) - 50.00%
- Score 0 goal in Penalty Kill
Team Stat
Pittsburgh Penguins - Hits : 22 - Faceoff Wins : 37 - Blocked Shots : 7 - Penalty Minutes : 9
Nashville Predators - Hits : 25 - Faceoff Wins : 29 - Blocked Shots : 13 - Penalty Minutes : 9
Official
Referees : Tom Chmielewski and Frederick L'Ecuyer
Linesman : Michel Cormier and David Brisebois
Game Notes
Alexander Alexeyev is injured at 14:31 of 2nd period (Bruised Left Arm)
Phillip Danault beats up Ethan Bear at 19:21 of 3rd period
Finance
Level 1 -- Attendance: 4491 (74.85%) -- Ticket Income $449,100
Level 2 -- Attendance: 3649 (72.98%) -- Ticket Income $218,940
Level 3 -- Attendance: 2433 (81.10%) -- Ticket Income $85,155
Level 4 -- Attendance: 3742 (74.84%) -- Ticket Income $93,550
Luxury Box -- Attendance: 728 (72.80%) -- Ticket Income $145,600
Game was played at the Bridgestone Arena.
Total Attendance: 15043 (75.22%)
Total Ticket Income: $992,345
Other Income: $347,321
Total Income: $1,339,666
Pittsburgh Penguins
5 vs 5 Forward
Center Left Wing Right Wing Time % Phy DF OF
1 Leon Draisaitl Pavel Buchnevich Mitchell Marner 30 1 2 2
2 Jean-Gabriel Pageau Anders Lee Sam Reinhart 30 1 2 2
3 Phillip Danault Jordan Eberle Ryan Johansen 25 1 2 2
4 Colton Sissons Gabriel Vilardi Tom Wilson 15 1 2 2
5 vs 5 Defense
Defense Defense Time % Phy DF OF
1 Erik Karlsson Mattias Ekholm 35 1 2 2
2 Ryan Suter Brian Dumoulin 35 1 2 2
3 Erik Gudbranson J.J. Moser 30 1 2 2
4 Erik Karlsson Mattias Ekholm 0 1 2 2
PowerPlay Forward
Center Left Wing Right Wing Time % Phy DF OF
1 Leon Draisaitl Pavel Buchnevich Mitchell Marner 50 1 2 2
2 Jean-Gabriel Pageau Anders Lee Sam Reinhart 50 1 2 2
PowerPlay Defense
Defense Defense Time % Phy DF OF
1 Erik Karlsson Mattias Ekholm 50 1 2 2
2 Ryan Suter Brian Dumoulin 50 1 2 2
Penalty Kill 4 Players Forward
Center Wing Time % Phy DF OF
1 Leon Draisaitl Mitchell Marner 50 1 2 2
2 Sam Reinhart Pavel Buchnevich 50 1 2 2
Penalty Kill 4 Players Defense
Defense Defense Time % Phy DF OF
1 Erik Karlsson Mattias Ekholm 50 1 2 2
2 Ryan Suter Brian Dumoulin 50 1 2 2
Penalty Kill - 3 Players Forward
Forward Time % Phy DF OF
1 Leon Draisaitl 50 1 2 2
2 Mitchell Marner 50 1 2 2
Penalty Kill - 3 Players Defense
Defense Defense Time % Phy DF OF
1 Erik Karlsson Mattias Ekholm 50 1 2 2
2 Ryan Suter Brian Dumoulin 50 1 2 2
4 vs 4 Forward
Center Wing Time % Phy DF OF
1 Leon Draisaitl Mitchell Marner 50 1 2 2
2 Sam Reinhart Pavel Buchnevich 50 1 2 2
4 vs 4 Defense
Defense Defense Time % Phy DF OF
1 Erik Karlsson Mattias Ekholm 50 1 2 2
2 Ryan Suter Brian Dumoulin 50 1 2 2
Last Minutes Offensive
Center Left Wing Right Wing Defense Defense
Leon Draisaitl Pavel Buchnevich Mitchell Marner Erik Karlsson Mattias Ekholm
Last Minutes Defensive
Center Left Wing Right Wing Defense Defense
Leon Draisaitl Pavel Buchnevich Mitchell Marner Erik Karlsson Mattias Ekholm
Goaltenders
Starting : Marc-Andre Fleury
Backup : Akira Schmid
Extra Forwards
Normal : Tom Wilson, Gabriel Vilardi, Phillip Danault - PP : Tom Wilson, Gabriel Vilardi - PK : Phillip Danault
Extra Defensemen
Normal : Erik Gudbranson, J.J. Moser, Ryan Suter - PP : Erik Gudbranson - PK : J.J. Moser, Ryan Suter
Penalty Shots
Leon Draisaitl, Mitchell Marner, Sam Reinhart, Pavel Buchnevich, Jean-Gabriel Pageau
Nashville Predators
5 vs 5 Forward
Center Left Wing Right Wing Time % Phy DF OF
1 Thomas Novak Jacob Peterson Jakub Voracek 30 1 2 2
2 Morgan Frost Kevin Labanc Sam Gagner 30 1 2 2
3 Rasmus Kupari Patrick Maroon Zemgus Girgensons 25 1 2 2
4 Ryan Carpenter Alex Newhook Corey Perry 15 1 2 2
5 vs 5 Defense
Defense Defense Time % Phy DF OF
1 Henri Jokiharju Ethan Bear 35 1 2 2
2 Nate Schmidt Justin Braun 35 1 2 2
3 Alexander Alexeyev Markus Niemelainen 30 1 2 2
4 Henri Jokiharju Ethan Bear 0 1 2 2
PowerPlay Forward
Center Left Wing Right Wing Time % Phy DF OF
1 Thomas Novak Jacob Peterson Jakub Voracek 50 1 2 2
2 Morgan Frost Alex Newhook Sam Gagner 50 1 2 2
PowerPlay Defense
Defense Defense Time % Phy DF OF
1 Nate Schmidt Henri Jokiharju 50 1 2 2
2 Ethan Bear Alexander Alexeyev 50 1 2 2
Penalty Kill 4 Players Forward
Center Wing Time % Phy DF OF
1 Ryan Carpenter Jacob Peterson 50 1 2 2
2 Rasmus Kupari Alex Newhook 50 1 2 2
Penalty Kill 4 Players Defense
Defense Defense Time % Phy DF OF
1 Henri Jokiharju Ethan Bear 50 1 2 2
2 Nate Schmidt Justin Braun 50 1 2 2
Penalty Kill - 3 Players Forward
Forward Time % Phy DF OF
1 Ryan Carpenter 50 1 2 2
2 Rasmus Kupari 50 1 2 2
Penalty Kill - 3 Players Defense
Defense Defense Time % Phy DF OF
1 Henri Jokiharju Ethan Bear 50 1 2 2
2 Nate Schmidt Justin Braun 50 1 2 2
4 vs 4 Forward
Center Wing Time % Phy DF OF
1 Thomas Novak Jacob Peterson 50 1 2 2
2 Morgan Frost Sam Gagner 50 1 2 2
4 vs 4 Defense
Defense Defense Time % Phy DF OF
1 Henri Jokiharju Ethan Bear 50 1 2 2
2 Nate Schmidt Justin Braun 50 1 2 2
Last Minutes Offensive
Center Left Wing Right Wing Defense Defense
Thomas Novak Jacob Peterson Kevin Labanc Ethan Bear Henri Jokiharju
Last Minutes Defensive
Center Left Wing Right Wing Defense Defense
Morgan Frost Rasmus Kupari Ryan Carpenter Henri Jokiharju Ethan Bear
Goaltenders
Starting : Adin Hill
Backup : Kevin Lankinen
Extra Forwards
Normal : Thomas Novak, Sam Gagner, Morgan Frost - PP : Sam Gagner, Alex Newhook - PK : Morgan Frost
Extra Defensemen
Normal : Henri Jokiharju, Ethan Bear, Nate Schmidt - PP : Markus Niemelainen - PK : Alexander Alexeyev, Markus Niemelainen
Penalty Shots
Jacob Peterson, Jakub Voracek, Kevin Labanc, Morgan Frost, Thomas Novak
% Time on Ice - Pittsburgh Penguins
Lines # - Real PCT - Wanted PCT - Time Play
Normal Forward
1 - 27% - 30% - 14:37
2 - 33% - 30% - 17:40
3 - 24% - 25% - 12:51
4 - 16% - 15% - 8:17
Normal Defense
1 - 37% - 35% - 19:50
2 - 35% - 35% - 18:29
3 - 28% - 30% - 15:06
4 - 0% - 0% - 0:00
PP Forward
1 - 49% - 50% - 1:17
2 - 51% - 50% - 1:20
PP Defense
1 - 60% - 50% - 1:34
2 - 40% - 50% - 1:03
PK Forward
1 - 66% - 50% - 2:37
2 - 34% - 50% - 1:21
PK Defense
1 - 44% - 50% - 1:44
2 - 56% - 50% - 2:14
PK3 Forward
1 - 0% - 50%
2 - 0% - 50%
PK3 Defense
1 - 0% - 50%
2 - 0% - 50%
44 Forward
1 - 52% - 50% - 2:35
2 - 48% - 50% - 2:25
44 Defense
1 - 58% - 50% - 2:53
2 - 42% - 50% - 2:07
Last Minute Offensive - 0:00
Last Minute Defensive - 0:00
Total
Forward - 65:00
Defense - 65:00
|
% Time on Ice - Nashville Predators
Lines # - Real PCT - Wanted PCT - Time Play
Normal Forward
1 - 27% - 30% - 14:14
2 - 31% - 30% - 16:47
3 - 22% - 25% - 11:47
4 - 20% - 15% - 10:37
Normal Defense
1 - 33% - 35% - 17:42
2 - 35% - 35% - 18:53
3 - 31% - 30% - 16:27
4 - 1% - 0% - 0:23
PP Forward
1 - 52% - 50% - 2:04
2 - 48% - 50% - 1:54
PP Defense
1 - 26% - 50% - 1:01
2 - 74% - 50% - 2:57
PK Forward
1 - 51% - 50% - 1:20
2 - 49% - 50% - 1:17
PK Defense
1 - 56% - 50% - 1:28
2 - 44% - 50% - 1:09
PK3 Forward
1 - 0% - 50%
2 - 0% - 50%
PK3 Defense
1 - 0% - 50%
2 - 0% - 50%
44 Forward
1 - 51% - 50% - 2:32
2 - 49% - 50% - 2:28
44 Defense
1 - 79% - 50% - 3:56
2 - 21% - 50% - 1:04
Last Minute Offensive - 0:00
Last Minute Defensive - 0:00
Total
Forward - 65:00
Defense - 65:00
|
Play-by-Play
1st period
0:01 of 1st period - Thomas Novak wins face-off versus Leon Draisaitl in neutral zone.
0:04 of 1st period - Mattias Ekholm is hit by Ethan Bear and loses puck.
1:14 of 1st period - Backhand shot by Corey Perry.
1:14 of 1st period - Shot Blocked by Ryan Suter.
1:16 of 1st period - Snap shot by Ryan Carpenter.
1:16 of 1st period - Stopped by Marc-Andre Fleury without a rebound.
1:17 of 1st period - Morgan Frost wins face-off versus Jean-Gabriel Pageau in Pittsburgh Penguins zone.
1:20 of 1st period - Wrist shot by Sam Gagner.
1:20 of 1st period - Stopped by Marc-Andre Fleury with a rebound.
1:26 of 1st period - Markus Niemelainen is hit by Erik Gudbranson and loses puck.
1:43 of 1st period - Erik Gudbranson is hit by Alexander Alexeyev and loses puck.
1:56 of 1st period - Wrist shot by Jacob Peterson.
1:56 of 1st period - Stopped by Marc-Andre Fleury with a rebound.
2:30 of 1st period - Justin Braun is hit by J.J. Moser and loses puck.
2:50 of 1st period - Off-side.
2:51 of 1st period - Colton Sissons wins face-off versus Thomas Novak in neutral zone.
2:56 of 1st period - Snap shot by Gabriel Vilardi.
2:56 of 1st period - Shot Misses the Net.
2:58 of 1st period - Wrist shot by Tom Wilson.
2:58 of 1st period - Shot Blocked by Alexander Alexeyev.
3:22 of 1st period - Snap shot by Leon Draisaitl.
3:22 of 1st period - Stopped by Adin Hill with a rebound.
3:34 of 1st period - Slapshot by Jacob Peterson.
3:34 of 1st period - Shot Misses the Net.
3:36 of 1st period - Snap shot by Markus Niemelainen.
3:36 of 1st period - Shot Misses the Net.
4:00 of 1st period - Jakub Voracek is hit by Mitchell Marner and loses puck.
4:13 of 1st period - Wrist shot by Jacob Peterson.
4:13 of 1st period - Shot Hit the Post.
4:15 of 1st period - Slapshot by Markus Niemelainen.
4:15 of 1st period - Stopped by Marc-Andre Fleury with a rebound.
4:53 of 1st period - Off-side.
4:54 of 1st period - Morgan Frost wins face-off versus Jean-Gabriel Pageau in neutral zone.
5:05 of 1st period - Snap shot by Anders Lee.
5:05 of 1st period - Stopped by Adin Hill with a rebound.
5:07 of 1st period - Snap shot by Jean-Gabriel Pageau.
5:07 of 1st period - Stopped by Adin Hill without a rebound.
5:08 of 1st period - Jean-Gabriel Pageau wins face-off versus Rasmus Kupari in Nashville Predators zone.
5:11 of 1st period - Snap shot by Jean-Gabriel Pageau.
5:11 of 1st period - Stopped by Adin Hill with a rebound.
5:51 of 1st period - Icing by Ryan Suter.
5:52 of 1st period - Phillip Danault wins face-off versus Ryan Carpenter in Pittsburgh Penguins zone.
6:07 of 1st period - Brian Dumoulin is hit by Corey Perry and loses puck.
6:22 of 1st period - Slapshot by Kevin Labanc.
6:22 of 1st period - Shot Misses the Net.
6:24 of 1st period - Snap shot by Kevin Labanc.
6:24 of 1st period - Goal by Kevin Labanc - Pittsburgh Penguins : 0 - Nashville Predators : 1.
6:25 of 1st period - Jean-Gabriel Pageau wins face-off versus Rasmus Kupari in neutral zone.
7:35 of 1st period - Snap shot by Patrick Maroon.
7:35 of 1st period - Stopped by Marc-Andre Fleury without a rebound.
7:36 of 1st period - Phillip Danault wins face-off versus Morgan Frost in Pittsburgh Penguins zone.
8:15 of 1st period - Wrist shot by Thomas Novak.
8:15 of 1st period - Shot Misses the Net.
8:45 of 1st period - Mitchell Marner is hit by Alexander Alexeyev and loses puck.
8:52 of 1st period - Snap shot by Morgan Frost.
8:52 of 1st period - Stopped by Marc-Andre Fleury without a rebound.
8:53 of 1st period - Colton Sissons wins face-off versus Morgan Frost in Pittsburgh Penguins zone.
9:45 of 1st period - Ethan Bear is hit by Sam Reinhart and loses puck.
9:52 of 1st period - Snap shot by Anders Lee.
9:52 of 1st period - Shot Misses the Net.
10:30 of 1st period - Wrist shot by Kevin Labanc.
10:30 of 1st period - Shot Misses the Net.
10:46 of 1st period - Slapshot by Alex Newhook.
10:46 of 1st period - Shot Misses the Net.
11:10 of 1st period - Snap shot by Jordan Eberle.
11:10 of 1st period - Shot Blocked by Corey Perry.
11:38 of 1st period - Wrist shot by Rasmus Kupari.
11:38 of 1st period - Shot Blocked by Sam Reinhart.
12:09 of 1st period - Wrist shot by Tom Wilson.
12:09 of 1st period - Shot Blocked by Henri Jokiharju.
12:23 of 1st period - Snap shot by Jakub Voracek.
12:23 of 1st period - Shot Misses the Net.
12:25 of 1st period - Slapshot by Ethan Bear.
12:25 of 1st period - Deflect By Jacob Peterson.
12:25 of 1st period - Shot Blocked by Erik Gudbranson.
12:25 of 1st period - Puck is out of play.
12:26 of 1st period - Ryan Johansen wins face-off versus Thomas Novak in Pittsburgh Penguins zone.
12:39 of 1st period - Slapshot by Jordan Eberle.
12:39 of 1st period - Stopped by Adin Hill without a rebound.
12:40 of 1st period - Morgan Frost wins face-off versus Pavel Buchnevich in Nashville Predators zone.
12:47 of 1st period - Erik Gudbranson is hit by Sam Gagner and loses puck.
13:14 of 1st period - Slapshot by Anders Lee.
13:14 of 1st period - Shot Misses the Net.
13:30 of 1st period - Slapshot by Tom Wilson.
13:30 of 1st period - Stopped by Adin Hill without a rebound.
13:31 of 1st period - Colton Sissons wins face-off versus Morgan Frost in Nashville Predators zone.
13:42 of 1st period - Backhand shot by Tom Wilson.
13:42 of 1st period - Stopped by Adin Hill with a rebound.
13:44 of 1st period - Wrist shot by Tom Wilson.
13:44 of 1st period - Stopped by Adin Hill without a rebound.
13:45 of 1st period - Thomas Novak wins face-off versus Phillip Danault in Nashville Predators zone.
13:55 of 1st period - Icing by Brian Dumoulin.
13:56 of 1st period - Phillip Danault wins face-off versus Morgan Frost in Pittsburgh Penguins zone.
14:01 of 1st period - Wrist shot by Ryan Johansen.
14:01 of 1st period - Stopped by Adin Hill without a rebound.
14:02 of 1st period - Morgan Frost wins face-off versus Jean-Gabriel Pageau in Nashville Predators zone.
14:09 of 1st period - Snap shot by Sam Gagner.
14:09 of 1st period - Stopped by Marc-Andre Fleury with a rebound.
14:13 of 1st period - Wrist shot by Kevin Labanc.
14:13 of 1st period - Shot Misses the Net.
14:15 of 1st period - Snap shot by Kevin Labanc.
14:15 of 1st period - Stopped by Marc-Andre Fleury with a rebound.
14:17 of 1st period - Wrist shot by Justin Braun.
14:17 of 1st period - Shot Misses the Net.
14:31 of 1st period - Nate Schmidt is hit by Mitchell Marner.
14:35 of 1st period - Jakub Voracek is hit by Mitchell Marner and loses puck.
15:32 of 1st period - Sam Reinhart is hit by Markus Niemelainen and loses puck.
16:40 of 1st period - Wrist shot by Anders Lee.
16:40 of 1st period - Shot Misses the Net.
16:58 of 1st period - Wrist shot by Kevin Labanc.
16:58 of 1st period - Deflect By Morgan Frost.
16:58 of 1st period - Stopped by Marc-Andre Fleury with a rebound.
17:19 of 1st period - Off-side.
17:20 of 1st period - Leon Draisaitl wins face-off versus Thomas Novak in neutral zone.
17:25 of 1st period - Snap shot by Leon Draisaitl.
17:25 of 1st period - Shot Misses the Net.
17:45 of 1st period - Phillip Danault is hit by Nate Schmidt.
18:16 of 1st period - Snap shot by Patrick Maroon.
18:16 of 1st period - Shot Misses the Net.
18:18 of 1st period - Slapshot by Nate Schmidt.
18:18 of 1st period - Shot Blocked by Phillip Danault.
18:20 of 1st period - Wrist shot by Justin Braun.
18:20 of 1st period - Stopped by Marc-Andre Fleury without a rebound.
18:21 of 1st period - Leon Draisaitl wins face-off versus Jacob Peterson in Pittsburgh Penguins zone.
19:10 of 1st period - Gabriel Vilardi is hit by Zemgus Girgensons and loses puck.
19:57 of 1st period - Ethan Bear is hit by Anders Lee and loses puck.
Goals for this period are 0 for Pittsburgh Penguins vs 1 for Nashville Predators.
Shots for this period are 9 for Pittsburgh Penguins vs 11 for Nashville Predators.
2nd period
0:01 of 2nd period - Thomas Novak wins face-off versus Leon Draisaitl in neutral zone.
0:55 of 2nd period - Slapshot by Zemgus Girgensons.
0:55 of 2nd period - Stopped by Marc-Andre Fleury with a rebound.
0:57 of 2nd period - Wrist shot by Rasmus Kupari.
0:57 of 2nd period - Shot Blocked by Brian Dumoulin.
1:01 of 2nd period - Wrist shot by Zemgus Girgensons.
1:01 of 2nd period - Shot Misses the Net.
1:38 of 2nd period - Wrist shot by Jacob Peterson.
1:38 of 2nd period - Stopped by Marc-Andre Fleury without a rebound.
1:39 of 2nd period - Thomas Novak wins face-off versus Leon Draisaitl in Pittsburgh Penguins zone.
2:58 of 2nd period - Snap shot by Pavel Buchnevich.
2:58 of 2nd period - Stopped by Adin Hill without a rebound.
2:59 of 2nd period - Morgan Frost wins face-off versus Jean-Gabriel Pageau in Nashville Predators zone.
2:59 of 2nd period - Morgan Frost is hit by Erik Gudbranson.
3:05 of 2nd period - Slapshot by Morgan Frost.
3:05 of 2nd period - Shot Misses the Net.
3:09 of 2nd period - Backhand shot by Morgan Frost.
3:09 of 2nd period - Stopped by Marc-Andre Fleury with a rebound.
3:11 of 2nd period - Slapshot by Ethan Bear.
3:11 of 2nd period - Shot Misses the Net.
3:13 of 2nd period - Snap shot by Sam Gagner.
3:13 of 2nd period - Stopped by Marc-Andre Fleury without a rebound.
3:14 of 2nd period - Phillip Danault wins face-off versus Rasmus Kupari in Pittsburgh Penguins zone.
3:14 of 2nd period - Phillip Danault is hit by Zemgus Girgensons.
3:45 of 2nd period - Anders Lee is hit by Ethan Bear and loses puck.
4:10 of 2nd period - Snap shot by Alex Newhook.
4:10 of 2nd period - Shot Misses the Net.
4:12 of 2nd period - Snap shot by Corey Perry.
4:12 of 2nd period - Deflect By Alex Newhook.
4:12 of 2nd period - Goal by Alex Newhook - Pittsburgh Penguins : 0 - Nashville Predators : 2.
4:13 of 2nd period - Phillip Danault wins face-off versus Zemgus Girgensons in neutral zone.
4:21 of 2nd period - Snap shot by Ryan Johansen.
4:21 of 2nd period - Stopped by Adin Hill with a rebound.
4:38 of 2nd period - Kevin Labanc is hit by Jean-Gabriel Pageau and loses puck.
5:36 of 2nd period - Icing by Brian Dumoulin.
5:37 of 2nd period - Rasmus Kupari wins face-off versus Leon Draisaitl in Pittsburgh Penguins zone.
6:48 of 2nd period - Minor Penalty to Patrick Maroon for Hooking.
6:49 of 2nd period - Ryan Carpenter wins face-off versus Mitchell Marner in Nashville Predators zone.
6:49 of 2nd period - Ryan Carpenter is hit by Mattias Ekholm.
7:24 of 2nd period - Wrist shot by Sam Reinhart.
7:24 of 2nd period - Stopped by Adin Hill with a rebound.
7:26 of 2nd period - Wrist shot by Anders Lee.
7:26 of 2nd period - Goal by Anders Lee - Pittsburgh Penguins : 1 - Nashville Predators : 2.
7:27 of 2nd period - Jean-Gabriel Pageau wins face-off versus Rasmus Kupari in neutral zone.
7:39 of 2nd period - Slapshot by Sam Reinhart.
7:39 of 2nd period - Shot Misses the Net.
7:44 of 2nd period - Off-side.
7:45 of 2nd period - Morgan Frost wins face-off versus Phillip Danault in neutral zone.
7:51 of 2nd period - Minor Penalty to Jordan Eberle for High sticking.
7:52 of 2nd period - Thomas Novak wins face-off versus Leon Draisaitl in Pittsburgh Penguins zone.
8:23 of 2nd period - Sam Reinhart is hit by Morgan Frost and loses puck.
9:39 of 2nd period - Icing by Jakub Voracek.
9:40 of 2nd period - Leon Draisaitl wins face-off versus Thomas Novak in Nashville Predators zone.
9:51 of 2nd period - Penalty to Jordan Eberle is over, Jordan Eberle is back on ice.
10:05 of 2nd period - Brian Dumoulin is hit by Patrick Maroon.
10:23 of 2nd period - Snap shot by Ryan Johansen.
10:23 of 2nd period - Stopped by Adin Hill without a rebound.
10:24 of 2nd period - Phillip Danault wins face-off versus Morgan Frost in Nashville Predators zone.
10:29 of 2nd period - Snap shot by Jordan Eberle.
10:29 of 2nd period - Shot Misses the Net.
10:31 of 2nd period - Snap shot by Jordan Eberle.
10:31 of 2nd period - Shot Misses the Net.
10:33 of 2nd period - Snap shot by Jordan Eberle.
10:33 of 2nd period - Stopped by Adin Hill with a rebound.
10:35 of 2nd period - Snap shot by Jordan Eberle.
10:35 of 2nd period - Deflect By Kevin Labanc.
10:35 of 2nd period - Shot Blocked by Henri Jokiharju.
10:35 of 2nd period - Puck is out of play.
10:36 of 2nd period - Thomas Novak wins face-off versus Anders Lee in Nashville Predators zone.
10:40 of 2nd period - Off-side.
10:41 of 2nd period - Thomas Novak wins face-off versus Jean-Gabriel Pageau in neutral zone.
10:52 of 2nd period - Snap shot by Jean-Gabriel Pageau.
10:52 of 2nd period - Shot Misses the Net.
11:14 of 2nd period - J.J. Moser is hit by Henri Jokiharju and loses puck.
11:31 of 2nd period - Henri Jokiharju is hit by Mitchell Marner and loses puck.
11:50 of 2nd period - Mitchell Marner is hit by Henri Jokiharju.
11:51 of 2nd period - Icing by Mitchell Marner.
11:52 of 2nd period - Mitchell Marner wins face-off versus Kevin Labanc in Pittsburgh Penguins zone.
11:57 of 2nd period - Snap shot by Leon Draisaitl.
11:57 of 2nd period - Stopped by Adin Hill without a rebound.
11:58 of 2nd period - Jean-Gabriel Pageau wins face-off versus Morgan Frost in Nashville Predators zone.
12:01 of 2nd period - Snap shot by Anders Lee.
12:01 of 2nd period - Shot Blocked by Nate Schmidt.
12:06 of 2nd period - Icing by Morgan Frost.
12:07 of 2nd period - Jean-Gabriel Pageau wins face-off versus Morgan Frost in Nashville Predators zone.
12:16 of 2nd period - Backhand shot by Anders Lee.
12:16 of 2nd period - Stopped by Adin Hill with a rebound.
12:18 of 2nd period - Snap shot by Anders Lee.
12:18 of 2nd period - Deflect By Sam Reinhart.
12:18 of 2nd period - Shot Blocked by Nate Schmidt.
12:18 of 2nd period - Puck is out of play.
12:19 of 2nd period - Phillip Danault wins face-off versus Rasmus Kupari in Nashville Predators zone.
12:22 of 2nd period - Snap shot by Ryan Johansen.
12:22 of 2nd period - Deflect By Phillip Danault.
12:22 of 2nd period - Stopped by Adin Hill without a rebound.
12:23 of 2nd period - Jordan Eberle wins face-off versus Patrick Maroon in Nashville Predators zone.
12:36 of 2nd period - Slapshot by Ryan Johansen.
12:36 of 2nd period - Shot Hit the Post.
12:56 of 2nd period - Morgan Frost is hit by Jean-Gabriel Pageau and loses puck.
14:01 of 2nd period - Wrist shot by Jean-Gabriel Pageau.
14:01 of 2nd period - Stopped by Adin Hill with a rebound.
14:03 of 2nd period - Slapshot by J.J. Moser.
14:03 of 2nd period - Shot Misses the Net.
14:19 of 2nd period - Wrist shot by Jordan Eberle.
14:19 of 2nd period - Stopped by Adin Hill without a rebound.
14:20 of 2nd period - Phillip Danault wins face-off versus Morgan Frost in Nashville Predators zone.
14:23 of 2nd period - Wrist shot by Jordan Eberle.
14:23 of 2nd period - Stopped by Adin Hill without a rebound.
14:24 of 2nd period - Morgan Frost wins face-off versus Phillip Danault in Nashville Predators zone.
14:31 of 2nd period - Snap shot by Jordan Eberle.
14:31 of 2nd period - Deflect By Phillip Danault.
14:31 of 2nd period - Shot Blocked by Alexander Alexeyev.
14:31 of 2nd period - Alexander Alexeyev from Nashville Predators is injured at 14:31 of 2nd period (Bruised Left Arm).
14:32 of 2nd period - Leon Draisaitl wins face-off versus Rasmus Kupari in Nashville Predators zone.
14:53 of 2nd period - Patrick Maroon is hit by Mattias Ekholm and loses puck.
15:06 of 2nd period - Patrick Maroon is hit by Mitchell Marner and loses puck.
15:19 of 2nd period - Snap shot by Patrick Maroon.
15:19 of 2nd period - Stopped by Marc-Andre Fleury with a rebound.
15:21 of 2nd period - Wrist shot by Henri Jokiharju.
15:21 of 2nd period - Stopped by Marc-Andre Fleury without a rebound.
15:22 of 2nd period - Morgan Frost wins face-off versus Jean-Gabriel Pageau in Pittsburgh Penguins zone.
15:25 of 2nd period - Snap shot by Morgan Frost.
15:25 of 2nd period - Shot Misses the Net.
15:35 of 2nd period - Snap shot by Jean-Gabriel Pageau.
15:35 of 2nd period - Goal by Jean-Gabriel Pageau - Pittsburgh Penguins : 2 - Nashville Predators : 2.
15:36 of 2nd period - Thomas Novak wins face-off versus Anders Lee in neutral zone.
15:43 of 2nd period - Wrist shot by Jacob Peterson.
15:43 of 2nd period - Shot Misses the Net.
16:09 of 2nd period - Snap shot by Morgan Frost.
16:09 of 2nd period - Stopped by Marc-Andre Fleury with a rebound.
16:11 of 2nd period - Slapshot by Morgan Frost.
16:11 of 2nd period - Stopped by Marc-Andre Fleury with a rebound.
16:13 of 2nd period - Wrist shot by Sam Gagner.
16:13 of 2nd period - Shot Misses the Net.
16:15 of 2nd period - Snap shot by Morgan Frost.
16:15 of 2nd period - Stopped by Marc-Andre Fleury with a rebound.
16:29 of 2nd period - Wrist shot by Corey Perry.
16:29 of 2nd period - Shot Misses the Net.
16:31 of 2nd period - Backhand shot by Ryan Carpenter.
16:31 of 2nd period - Stopped by Marc-Andre Fleury without a rebound.
16:32 of 2nd period - Jean-Gabriel Pageau wins face-off versus Ryan Carpenter in Pittsburgh Penguins zone.
16:44 of 2nd period - Minor Penalty to Corey Perry for Hooking.
16:45 of 2nd period - Ryan Carpenter wins face-off versus Jean-Gabriel Pageau in Nashville Predators zone.
18:44 of 2nd period - Penalty to Corey Perry is over, Corey Perry is back on ice.
18:49 of 2nd period - Patrick Maroon is hit by Mitchell Marner and loses puck.
19:09 of 2nd period - J.J. Moser is hit by Kevin Labanc and loses puck.
19:24 of 2nd period - Off-side.
19:25 of 2nd period - Rasmus Kupari wins face-off versus Colton Sissons in neutral zone.
19:53 of 2nd period - Off-side.
19:54 of 2nd period - Sam Reinhart wins face-off versus Morgan Frost in neutral zone.
Goals for this period are 2 for Pittsburgh Penguins vs 1 for Nashville Predators.
Shots for this period are 13 for Pittsburgh Penguins vs 11 for Nashville Predators.
3rd period
0:01 of 3rd period - Morgan Frost wins face-off versus Leon Draisaitl in neutral zone.
0:16 of 3rd period - Snap shot by Leon Draisaitl.
0:16 of 3rd period - Shot Blocked by Ethan Bear.
0:26 of 3rd period - Anders Lee is hit by Henri Jokiharju and loses puck.
0:35 of 3rd period - Snap shot by Jacob Peterson.
0:35 of 3rd period - Stopped by Marc-Andre Fleury without a rebound.
0:36 of 3rd period - Leon Draisaitl wins face-off versus Thomas Novak in Pittsburgh Penguins zone.
1:09 of 3rd period - Snap shot by Phillip Danault.
1:09 of 3rd period - Deflect By Jakub Voracek.
1:09 of 3rd period - Stopped by Adin Hill with a rebound.
1:11 of 3rd period - Wrist shot by Ryan Johansen.
1:11 of 3rd period - Deflect By Phillip Danault.
1:11 of 3rd period - Stopped by Adin Hill with a rebound.
1:13 of 3rd period - Snap shot by Jordan Eberle.
1:13 of 3rd period - Shot Blocked by Justin Braun.
1:15 of 3rd period - Wrist shot by Ryan Johansen.
1:15 of 3rd period - Shot Misses the Net.
1:39 of 3rd period - Kevin Labanc is hit by Anders Lee and loses puck.
1:56 of 3rd period - Snap shot by Zemgus Girgensons.
1:56 of 3rd period - Shot Misses the Net.
2:12 of 3rd period - Slapshot by Erik Karlsson.
2:12 of 3rd period - Shot Blocked by Corey Perry.
2:47 of 3rd period - Snap shot by Ryan Johansen.
2:47 of 3rd period - Stopped by Adin Hill without a rebound.
2:48 of 3rd period - Jean-Gabriel Pageau wins face-off versus Rasmus Kupari in Nashville Predators zone.
3:01 of 3rd period - Sam Reinhart is hit by Patrick Maroon and loses puck.
3:16 of 3rd period - Backhand shot by Sam Gagner.
3:16 of 3rd period - Shot Misses the Net.
3:18 of 3rd period - Snap shot by Morgan Frost.
3:18 of 3rd period - Stopped by Marc-Andre Fleury with a rebound.
3:25 of 3rd period - Slapshot by Markus Niemelainen.
3:25 of 3rd period - Shot Misses the Net.
3:39 of 3rd period - Jakub Voracek is hit by Pavel Buchnevich and loses puck.
4:38 of 3rd period - Kevin Labanc is hit by Mitchell Marner.
5:09 of 3rd period - Ryan Johansen is hit by Thomas Novak and loses puck.
5:40 of 3rd period - Sam Reinhart is hit by Morgan Frost and loses puck.
5:45 of 3rd period - Wrist shot by Kevin Labanc.
5:45 of 3rd period - Stopped by Marc-Andre Fleury without a rebound.
5:46 of 3rd period - Morgan Frost wins face-off versus Leon Draisaitl in Pittsburgh Penguins zone.
5:53 of 3rd period - Wrist shot by Mitchell Marner.
5:53 of 3rd period - Stopped by Adin Hill with a rebound.
6:22 of 3rd period - Icing by Justin Braun.
6:23 of 3rd period - Morgan Frost wins face-off versus Jean-Gabriel Pageau in Nashville Predators zone.
7:14 of 3rd period - J.J. Moser is hit by Jakub Voracek and loses puck.
7:31 of 3rd period - Ethan Bear is hit by J.J. Moser and loses puck.
8:15 of 3rd period - Snap shot by Sam Reinhart.
8:15 of 3rd period - Stopped by Adin Hill without a rebound.
8:16 of 3rd period - Ryan Carpenter wins face-off versus Phillip Danault in Nashville Predators zone.
8:16 of 3rd period - Ryan Carpenter is hit by Ryan Suter.
8:31 of 3rd period - Off-side.
8:32 of 3rd period - Thomas Novak wins face-off versus Pavel Buchnevich in neutral zone.
8:41 of 3rd period - Wrist shot by Jakub Voracek.
8:41 of 3rd period - Stopped by Marc-Andre Fleury without a rebound.
8:42 of 3rd period - Leon Draisaitl wins face-off versus Thomas Novak in Pittsburgh Penguins zone.
8:58 of 3rd period - Icing by Mitchell Marner.
8:59 of 3rd period - Leon Draisaitl wins face-off versus Rasmus Kupari in Pittsburgh Penguins zone.
9:12 of 3rd period - Slapshot by Pavel Buchnevich.
9:12 of 3rd period - Deflect By Mitchell Marner.
9:12 of 3rd period - Shot Misses the Net.
9:12 of 3rd period - Puck is out of play.
9:13 of 3rd period - Jacob Peterson wins face-off versus Anders Lee in Nashville Predators zone.
9:13 of 3rd period - Jacob Peterson is hit by Mattias Ekholm.
9:29 of 3rd period - Wrist shot by Jakub Voracek.
9:29 of 3rd period - Stopped by Marc-Andre Fleury without a rebound.
9:30 of 3rd period - Phillip Danault wins face-off versus Rasmus Kupari in Pittsburgh Penguins zone.
10:04 of 3rd period - Slapshot by Jean-Gabriel Pageau.
10:04 of 3rd period - Shot Misses the Net.
10:06 of 3rd period - Slapshot by Erik Karlsson.
10:06 of 3rd period - Stopped by Adin Hill with a rebound.
10:50 of 3rd period - Ryan Suter is hit by Markus Niemelainen and loses puck.
11:03 of 3rd period - Snap shot by Tom Wilson.
11:03 of 3rd period - Deflect By Phillip Danault.
11:03 of 3rd period - Shot Misses the Net.
11:03 of 3rd period - Puck is out of play.
11:04 of 3rd period - Phillip Danault wins face-off versus Rasmus Kupari in Nashville Predators zone.
11:40 of 3rd period - Wrist shot by Erik Karlsson.
11:40 of 3rd period - Shot Blocked by Ethan Bear.
12:24 of 3rd period - Erik Karlsson is hit by Corey Perry and loses puck.
12:51 of 3rd period - Snap shot by Anders Lee.
12:51 of 3rd period - Shot Blocked by Nate Schmidt.
13:37 of 3rd period - Slapshot by Anders Lee.
13:37 of 3rd period - Shot Misses the Net.
13:51 of 3rd period - Wrist shot by Corey Perry.
13:51 of 3rd period - Stopped by Marc-Andre Fleury with a rebound.
13:53 of 3rd period - Snap shot by Corey Perry.
13:53 of 3rd period - Stopped by Marc-Andre Fleury with a rebound.
13:55 of 3rd period - Wrist shot by Alex Newhook.
13:55 of 3rd period - Shot Blocked by Erik Karlsson.
13:57 of 3rd period - Slapshot by Justin Braun.
13:57 of 3rd period - Stopped by Marc-Andre Fleury with a rebound.
13:59 of 3rd period - Wrist shot by Corey Perry.
13:59 of 3rd period - Shot Blocked by Erik Karlsson.
14:06 of 3rd period - Minor Penalty to Erik Karlsson for Hooking.
14:07 of 3rd period - Leon Draisaitl wins face-off versus Thomas Novak in Pittsburgh Penguins zone.
14:43 of 3rd period - Snap shot by Morgan Frost.
14:43 of 3rd period - Shot Misses the Net.
14:45 of 3rd period - Backhand shot by Morgan Frost.
14:45 of 3rd period - Stopped by Marc-Andre Fleury without a rebound.
14:46 of 3rd period - Morgan Frost wins face-off versus Leon Draisaitl in Pittsburgh Penguins zone.
15:43 of 3rd period - Snap shot by Sam Gagner.
15:43 of 3rd period - Stopped by Marc-Andre Fleury without a rebound.
15:44 of 3rd period - Leon Draisaitl wins face-off versus Jacob Peterson in Pittsburgh Penguins zone.
16:06 of 3rd period - Penalty to Erik Karlsson is over, Erik Karlsson is back on ice.
16:14 of 3rd period - Mitchell Marner is hit by Jakub Voracek and loses puck.
16:49 of 3rd period - Slapshot by Phillip Danault.
16:49 of 3rd period - Shot Misses the Net.
17:33 of 3rd period - Wrist shot by Tom Wilson.
17:33 of 3rd period - Deflect By Kevin Labanc.
17:33 of 3rd period - Shot Misses the Net.
17:33 of 3rd period - Puck is out of play.
17:34 of 3rd period - Tom Wilson wins face-off versus Thomas Novak in Nashville Predators zone.
18:28 of 3rd period - Slapshot by Ryan Suter.
18:28 of 3rd period - Stopped by Adin Hill with a rebound.
18:32 of 3rd period - Wrist shot by Ryan Johansen.
18:32 of 3rd period - Deflect By Phillip Danault.
18:32 of 3rd period - Stopped by Adin Hill without a rebound.
18:33 of 3rd period - Colton Sissons wins face-off versus Morgan Frost in Nashville Predators zone.
18:34 of 3rd period - Slapshot by Tom Wilson.
18:34 of 3rd period - Shot Misses the Net.
18:36 of 3rd period - Snap shot by Tom Wilson.
18:36 of 3rd period - Shot Blocked by Sam Gagner.
18:48 of 3rd period - Tom Wilson is hit by Sam Gagner and loses puck.
19:11 of 3rd period - Off-side.
19:12 of 3rd period - Zemgus Girgensons wins face-off versus Phillip Danault in neutral zone.
19:21 of 3rd period - Phillip Danault beats up Ethan Bear.
19:21 of 3rd period - Penalty to Ethan Bear for Fighting.
19:21 of 3rd period - Penalty to Phillip Danault for Fighting.
19:22 of 3rd period - Tom Wilson wins face-off versus Rasmus Kupari in Nashville Predators zone.
19:47 of 3rd period - Anders Lee is hit by Morgan Frost and loses puck.
Goals for this period are 0 for Pittsburgh Penguins vs 0 for Nashville Predators.
Shots for this period are 8 for Pittsburgh Penguins vs 10 for Nashville Predators.
Overtime #1
0:01 of 1st overtime period - Leon Draisaitl wins face-off versus Thomas Novak in neutral zone.
0:14 of 1st overtime period - Wrist shot by Thomas Novak.
0:14 of 1st overtime period - Shot Misses the Net.
0:16 of 1st overtime period - Snap shot by Thomas Novak.
0:16 of 1st overtime period - Shot Hit the Post.
4:14 of 1st overtime period - Justin Braun is hit by Brian Dumoulin and loses puck.
4:21 of 1st overtime period - Penalty to Ethan Bear is over, Ethan Bear is back on ice.
4:21 of 1st overtime period - Penalty to Phillip Danault is over, Phillip Danault is back on ice.
4:21 of 1st overtime period - Wrist shot by Anders Lee.
4:21 of 1st overtime period - Stopped by Adin Hill with a rebound.
4:23 of 1st overtime period - Slapshot by Jean-Gabriel Pageau.
4:23 of 1st overtime period - Shot Hit the Post.
4:36 of 1st overtime period - Icing by Erik Karlsson.
4:37 of 1st overtime period - Thomas Novak wins face-off versus Jean-Gabriel Pageau in Pittsburgh Penguins zone.
4:52 of 1st overtime period - Snap shot by Leon Draisaitl.
4:52 of 1st overtime period - Shot Misses the Net.
4:54 of 1st overtime period - Slapshot by Erik Karlsson.
4:54 of 1st overtime period - Shot Misses the Net.
4:56 of 1st overtime period - Wrist shot by Leon Draisaitl.
4:56 of 1st overtime period - Stopped by Adin Hill with a rebound.
4:58 of 1st overtime period - Slapshot by Mattias Ekholm.
4:58 of 1st overtime period - Shot Misses the Net.
Goals for this period are 0 for Pittsburgh Penguins vs 0 for Nashville Predators.
Shots for this period are 2 for Pittsburgh Penguins vs 0 for Nashville Predators.
ShootOut
5:00 of 1st overtime period - Round #1.
5:00 of 1st overtime period - Pittsburgh Penguins, Leon Draisaitl.
5:00 of 1st overtime period - Snap shot by Leon Draisaitl.
5:00 of 1st overtime period - Shot Hit the Post.
5:00 of 1st overtime period - Nashville Predators, Jacob Peterson.
5:00 of 1st overtime period - Snap shot by Jacob Peterson.
5:00 of 1st overtime period - Stopped by Marc-Andre Fleury.
5:00 of 1st overtime period - Round #2.
5:00 of 1st overtime period - Pittsburgh Penguins, Mitchell Marner.
5:00 of 1st overtime period - Backhand shot by Mitchell Marner.
5:00 of 1st overtime period - Stopped by Adin Hill.
5:00 of 1st overtime period - Nashville Predators, Jakub Voracek.
5:00 of 1st overtime period - Backhand shot by Jakub Voracek.
5:00 of 1st overtime period - Stopped by Marc-Andre Fleury.
5:00 of 1st overtime period - Round #3.
5:00 of 1st overtime period - Pittsburgh Penguins, Sam Reinhart.
5:00 of 1st overtime period - Wrist shot by Sam Reinhart.
5:00 of 1st overtime period - Stopped by Adin Hill.
5:00 of 1st overtime period - Nashville Predators, Kevin Labanc.
5:00 of 1st overtime period - Snap shot by Kevin Labanc.
5:00 of 1st overtime period - Stopped by Marc-Andre Fleury.
5:00 of 1st overtime period - Round #4.
5:00 of 1st overtime period - Pittsburgh Penguins, Pavel Buchnevich.
5:00 of 1st overtime period - Deke by Pavel Buchnevich.
5:00 of 1st overtime period - Shot Misses the Net.
5:00 of 1st overtime period - Nashville Predators, Morgan Frost.
5:00 of 1st overtime period - Wrist shot by Morgan Frost.
5:00 of 1st overtime period - Stopped by Marc-Andre Fleury.
5:00 of 1st overtime period - Round #5.
5:00 of 1st overtime period - Pittsburgh Penguins, Jean-Gabriel Pageau.
5:00 of 1st overtime period - Deke by Jean-Gabriel Pageau.
5:00 of 1st overtime period - Stopped by Adin Hill.
5:00 of 1st overtime period - Nashville Predators, Thomas Novak.
5:00 of 1st overtime period - Deke by Thomas Novak.
5:00 of 1st overtime period - Stopped by Marc-Andre Fleury.
5:00 of 1st overtime period - Round #6.
5:00 of 1st overtime period - Pittsburgh Penguins, Erik Gudbranson.
5:00 of 1st overtime period - Deke by Erik Gudbranson.
5:00 of 1st overtime period - Goal by Erik Gudbranson.
5:00 of 1st overtime period - Nashville Predators, Corey Perry.
5:00 of 1st overtime period - Backhand shot by Corey Perry.
5:00 of 1st overtime period - Stopped by Marc-Andre Fleury.
Back to the Top